 Dungeon Crawl Stone Soup version 0.28-a0-1038-g9c4cb8273d (webtiles) character file.

Game seed: 5980190306659297023

41748 ytrimaz the Severer (level 14, 0/110 HPs)
             Began as a Formicid Fighter on Dec 8, 2021.
             Was a High Priest of Okawaru.
             Slain by a very ugly thing simulacrum (32 damage)
             ... in an ice cave.
             The game lasted 00:20:23 (12058 turns).

ytrimaz the Severer (Formicid Fighter)             Turns: 12058, Time: 00:20:23

Health: 0/110      AC: 24    Str: 25      XL:     14   Next: 51%
Magic:  3/22       EV:  9    Int:  5 (9)  God:    Okawaru [*****.]
Gold:   1007       SH: 11    Dex: 10      Spells: 13/13 levels left

rFire   . . .      SeeInvis +   H - +4 broad axe (freeze)
rCold   . . .      Faith    .   c - +0 buckler
rNeg    . . .      Spirit   .   b - +4 plate armour of the Hidden Visionaries {Regen+}
rPois   +          Reflect  +   (helmet unavailable)
rElec   .          Harm     .   (no cloak)
rCorr   +          Rampage  .   B - +0 pair of gloves {hurl}
Will    +++..                   w - +0 pair of boots
Stlth   ..........              I - amulet "Toatzinuph" {Reflect rPois Will+ SH+5}
HPRegen 1.08/turn               p - ring of willpower
MPRegen 0.18/turn               G - ring of resist corrosion

@: heroic, finesse-ful
A: permanent stasis, dig shafts and tunnels, antennae 3, four strong arms
a: Dig, Renounce Religion, Heroism, Finesse, Duel


You were in an ice cave.
You worshipped Okawaru.
Okawaru was extremely pleased with you.
You visited 2 branches of the dungeon, and saw 15 of its levels.
You also visited: Bailey and Ice Cave.

You collected 1007 gold pieces.

Inventory:

Hand Weapons
 a - a +0 war axe of flaming
 y - the +8 great mace "Ipexued" {vorpal, Int-4 SInv Stlth+}
   (Okawaru gifted it to you on level 8 of the Dungeon)

   It inflicts extra damage upon your enemies.
   Int:       It affects your intelligence (-4).
   SInv:      It lets you see invisible.
   Stlth:     It makes you more stealthy.
 H - a +4 broad axe of freezing (weapon)
 O - a +0 battleaxe
Missiles
 s - 19 javelins (quivered)
 D - 8 poisoned darts
 L - 6 curare-tipped darts
Armour
 b - the +4 plate armour of the Hidden Visionaries (worn) {Regen+}
   (You acquired it on level 2 of the Dungeon)

   Regen:     It increases your rate of health regeneration.
 c - a +0 buckler (worn)
 w - a +0 pair of boots (worn)
 B - a +0 pair of gloves of hurling (worn)
 M - a +2 tower shield of protection
Jewellery
 f - a ring of protection from fire
 j - a ring of willpower
 o - a ring of fire
 p - a ring of willpower (left hand)
 u - an amulet of regeneration
 C - a ring of poison resistance
 E - a +4 ring of evasion
 F - a +6 ring of intelligence
 G - a ring of resist corrosion (right hand)
 I - the amulet "Toatzinuph" (around neck) {Reflect rPois Will+ SH+5}
   (You acquired it on level 12 of the Dungeon)

   [amulet of reflection]

   It reflects blocked missile attacks.
   rPois:     It protects you from poison.
   SH:        It affects your SH (+5).
   Will:      It increases your willpower.
 K - a ring of magical power
Wands
 l - a wand of flame (22)
 z - a wand of polymorph (21)
Scrolls
 e - 3 scrolls of vulnerability
 g - 3 scrolls of enchant armour
 q - 2 scrolls of fog
 r - 3 scrolls of fear
 J - a scroll of holy word
Potions
 d - 2 potions of might
 h - a potion of resistance
 i - 2 potions of lignification
 k - 9 potions of curing
 m - 3 potions of mutation
 n - 2 potions of brilliance
 t - 3 potions of attraction
 v - 6 potions of heal wounds
 A - a potion of cancellation


   Skills:
 + Level 10.1(15.1) Fighting
 * Level 17.1(22.1) Axes
 - Level 6.5(11.5) Throwing
 * Level 10.7(15.7) Armour
 * Level 5.9(10.9) Shields
 * Level 10.7 Invocations


You had 13 spell levels left.
You didn't know any spells.
Your spell library contained the following spells:

 Spells                   Type           Power      Damage    Failure   Level
 Foxfire                  Conj/Fire      0%         2x1d4     98%         1
 Magic Dart               Conj           0%         1d3       98%         1
 Pain                     Necr           0%         1d4       98%         1
 Ensorcelled Hibernation  Hex/Ice        0%         N/A       99%         2
 Searing Ray              Conj           0%         2d4       99%         2
 Conjure Flame            Conj/Fire      0%         6-21      100%        3
 Ignite Poison            Fire/Tmut/Pois 0%         N/A       100%        3
 Inner Flame              Hex/Fire       0%         N/A       100%        3
 Spider Form              Tmut/Pois      0%         N/A       100%        3
 Vampiric Draining        Necr           0%         2d6       100%        3
 Flame Wave               Conj/Fire      0%         2d4       100%        4
 Fulminant Prism          Conj/Hex       0%         3d6       100%        4
 Hailstorm                Conj/Ice       0%         3d3       100%        4
 Ice Form                 Ice/Tmut       0%         N/A       100%        4
 Petrify                  Tmut/Erth      0%         N/A       100%        4
 Sticky Flame             Conj/Fire      0%         2d3       100%        4
 Manifold Assault         Tloc           0%         N/A       100%        5
 Metabolic Englaciation   Hex/Ice        0%         N/A       100%        5
 Statue Form              Tmut/Erth      0%         N/A       100%        6
 Storm Form               Tmut/Air       0%         N/A       100%        7
 Animate Skeleton         Necr           Unusable   N/A       N/A         1
 Blink                    Tloc           Unusable   N/A       N/A         2
 Simulacrum               Ice/Necr       Unusable   N/A       N/A         6

Dungeon Overview and Level Annotations

Branches:
Dungeon (14/15)            Temple (1/1) D:6            Lair (0/6) D:8
    Orc (0/2) D:9          Bailey (visited)           IceCv (1/1)
 Vaults: D:13-14

Altars:
Ashenzari
Cheibriados
Dithmenos
Elyvilon
Fedhas
Gozag
Hepliaklqana
Kikubaaqudgha
Makhleb
Nemelex Xobeh
Okawaru
Qazlal
Ru
Sif Muna
Trog
Uskayaw
Vehumet
Wu Jian
Xom
Yredelemnul
Zin
The Shining One

Shops:
D:8 :   D:9 [

Portals:
Trove: D:10 (give +3 storm dragon scales)

Annotations:
D:7 2 transporters, a11behringer's ghost, novice HOFi IceCv exclusion: 2 orange crystal statues


Innate Abilities, Weirdness & Mutations

You cannot be hasted, slowed, berserked, paralysed or teleported.
You can dig through walls and to a lower floor.
You have a pair of large antennae on your head. (SInv)
Your four strong arms can wield two-handed weapons with a shield.


Message History

Unknown command.
You barely miss the quicksilver ooze.
The quicksilver ooze is heavily wounded.
Your lungs strain for air!
The quicksilver ooze hits you.
The quicksilver ooze hits you but does no damage.
You hit the quicksilver ooze but do no damage.
The quicksilver ooze is heavily wounded.
Your lungs strain for air!
You hit the quicksilver ooze. You freeze the quicksilver ooze.
The quicksilver ooze is severely wounded.
Your lungs strain for air!
You block the quicksilver ooze's attack.
The quicksilver ooze hits you but does no damage.
Unknown command.
You slice the quicksilver ooze!! You freeze the quicksilver ooze.
You kill the quicksilver ooze!
Okawaru is honoured by your kill.
You gasp with relief as air once again reaches your lungs.
You feel your intelligence returning.
You hit the very ugly thing simulacrum but do no damage.
Unknown command.
You slash the very ugly thing simulacrum!
The very ugly thing simulacrum is lightly damaged.
You barely miss the very ugly thing simulacrum.
The very ugly thing simulacrum is lightly damaged.
The very ugly thing simulacrum hits you.
The very ugly thing simulacrum freezes you!!!
* * * LOW HITPOINT WARNING * * *
You hit the very ugly thing simulacrum.
The very ugly thing simulacrum is moderately damaged.
Unknown command.
You slash the very ugly thing simulacrum!
The very ugly thing simulacrum is heavily damaged.
Unknown command.
You feel much better.
The very ugly thing simulacrum hits you!
* * * LOW HITPOINT WARNING * * *
The very ugly thing simulacrum freezes you!!
You die...

##....####....###[)........#
#...............######.....#
...###....###.....## ......#
..##....### #.... ......##
##.....### ... 8....###
#.......### #.########
###.......#####.#####
###...............##
######.....@.....####
#######Z.......#
#{##.......#
.........####..... { {
...#....... .... #.....###
Z.8 #.....## {.# #....... #
###..... {


You could see a very ugly thing simulacrum.

Vanquished Creatures
  Jorgrun (D:14)
  4 quicksilver oozes (IceCv)
  A very ugly thing (D:14)
  2 boulder beetles
  A vault guard (D:10)
  2 hydras (D:13)
  A centaur warrior (D:11)
  2 death knights (D:13)
  6 two-headed ogres
  3 death yaks (D:8)
  Nergalle (Arena)
  6 skeletal warriors
  Pikel (D:7)
  An orange crystal statue (IceCv)
  A deep elf pyromancer (D:11)
  A phantasmal warrior (D:13)
  A wolf spider (D:11)
  6 ugly things (D:14)
  3 manticores
  An orc knight (D:11)
  A salamander (shapeshifter) (D:13)
  5 cyclopes
  An unseen horror (D:12)
  3 freezing wraiths
  An efreet (D:11)
  A very ugly thing simulacrum (IceCv)
  2 entropy weaver simulacra (IceCv)
  A troll (D:13)
  A hornet (D:9)
  13 slime creatures (IceCv)
  A wyvern (D:8)
  Eustachio (D:5)
  4 wraiths
  3 yaks (D:8)
  7 vampire mosquitoes (D:12)
  2 acid dragons
  2 demonic crawler simulacra (IceCv)
  2 water moccasins
  16 orc warriors
  2 ogres (D:5)
  2 ugly thing simulacra (IceCv)
  A black bear (D:6)
  A black bear (shapeshifter) (D:14)
  A sky beast (D:6)
  2 necrophages (D:6)
  2 phantoms (D:4)
  13 centaurs
  3 lemures (D:7)
  2 kobold brigands
  Blork the orc (D:5)
  4 bullfrogs
  2 gnoll sergeants
  2 scorpions
  8 killer bees (D:10)
  6 wights
  3 howler monkeys (D:11)
  7 centaur zombies
  2 jellies
  5 orc priests
  2 hounds
  2 gnoll shamans (D:6)
  3 iguanas (D:4)
  10 orc wizards
  A hound skeleton (D:4)
  6 adders
  21 gnolls
  A white imp (D:7)
  2 adder skeletons (D:4)
  3 worms
  3 dart slugs
  72 orcs
  7 endoplasms
  2 giant cockroaches (D:4)
  5 goblins
  7 hobgoblins
  2 jackals
  29 kobolds
  3 quokkas
  11 ball pythons
  8 bats
  2 frilled lizards (D:1)
  A quokka skeleton (D:2)
  9 rats
393 creatures vanquished.

Vanquished Creatures (others)
  2 orcs (Bailey)
  A fungus (D:1)
  10 plants (D:1)
13 creatures vanquished.

Grand Total: 406 creatures vanquished

Notes
Turn   | Place    | Note
-------+----------+-------------------------------------------
     0 | D:1      | ytrimaz the Formicid Fighter began the quest for the Orb.
     0 | D:1      | Reached XP level 1. HP: 18/18 MP: 1/1
    39 | D:1      | Found a faded altar of an unknown god.
    50 | D:1      | Prayed at the altar of an unknown god.
    50 | D:1      | Became a worshipper of Warmaster Okawaru
    50 | D:1      | Reached * piety under Okawaru
   214 | D:1      | Reached XP level 2. HP: 15/24 MP: 2/2
   556 | D:1      | Reached XP level 3. HP: 29/29 MP: 3/3
   763 | D:2      | Reached skill level 1 in Invocations
  1319 | D:2      | Found a hazy altar of Hepliaklqana.
  1588 | D:2      | Identified a scroll of acquirement
  1588 | D:2      | Acquired the +4 plate armour of the Hidden Visionaries
                  | {Regen+}
  1639 | D:3      | Reached skill level 3 in Axes
  1639 | D:3      | Reached XP level 4. HP: 33/35 MP: 4/4
  1828 | D:3      | Noticed a bullfrog
  1836 | D:3      | Killed a bullfrog
  1837 | D:3      | Reached XP level 5. HP: 36/41 MP: 4/6
  2181 | D:3      | Found a snail-covered altar of Cheibriados.
  2337 | D:4      | Reached ** piety under Okawaru
  2338 | D:4      | Reached skill level 4 in Axes
  2414 | D:4      | Reached XP level 6. HP: 48/48 MP: 7/7
  2679 | D:4      | Reached skill level 5 in Axes
  2704 | D:4      | Reached XP level 7. HP: 49/53 MP: 7/9
  2808 | D:4      | Reached skill level 6 in Axes
  2937 | D:5      | Entered Level 5 of the Dungeon
  2995 | D:5      | Reached *** piety under Okawaru
  2996 | D:5      | Reached XP level 8. HP: 29/60 MP: 8/10
  3001 | D:5      | Reached skill level 7 in Axes
  3074 | D:5      | Noticed Eustachio
  3095 | D:5      | Killed Eustachio
  3135 | D:5      | Noticed Blork the orc
  3140 | D:5      | Killed Blork the orc
  3159 | D:5      | Reached skill level 8 in Axes
  3159 | D:5      | Reached skill level 5 in Armour
  3591 | D:6      | Reached XP level 9. HP: 58/67 MP: 12/12
  3612 | D:6      | Reached **** piety under Okawaru
  3841 | D:6      | Reached skill level 5 in Fighting
  3841 | D:6      | Reached skill level 9 in Axes
  3906 | D:6      | Reached skill level 5 in Invocations
  4040 | D:6      | Found a staircase to the Ecumenical Temple.
  4051 | Temple   | Entered the Ecumenical Temple
  4477 | D:7      | Noticed Pikel
  4490 | D:7      | Killed Pikel
  4491 | D:7      | Reached skill level 10 in Axes
  4758 | D:7      | Found a transporter.
  4790 | D:7      | Found a transporter.
  4792 | D:7      | Noticed a11behringer's ghost (novice HOFi)
  4793 | D:7      | Noticed a moth of wrath
  4935 | D:8      | Reached XP level 10. HP: 68/76 MP: 14/14
  5044 | D:8      | Found a flagged portal.
  5064 | Bailey   | Entered a bailey
  5104 | Bailey   | Reached ***** piety under Okawaru
  5188 | Bailey   | Reached skill level 11 in Axes
  5819 | Bailey   | Identified the +0 ring mail of Light {Rampage rElec rC+
                  | Will++}
  6225 | D:8      | Found Ceecualo's Book Emporium.
  6264 | D:8      | Noticed a death yak
  6265 | D:8      | Noticed a death yak
  6265 | D:8      | Noticed a death yak
  6266 | D:8      | Found a staircase to the Lair.
  6300 | D:8      | Killed a death yak
  6300 | D:8      | Identified the +8 great mace "Ipexued" {vorpal, Int-4 SInv
                  | Stlth+} (Okawaru gifted it to you on level 8 of the
                  | Dungeon)
  6300 | D:8      | Received a gift from Okawaru
  6301 | D:8      | Reached skill level 1 in Throwing
  6301 | D:8      | Reached XP level 11. HP: 53/84 MP: 13/16
  6313 | D:8      | Killed a death yak
  6314 | D:8      | Reached skill level 12 in Axes
  6323 | D:8      | Killed a death yak
  6660 | D:9      | Noticed a two-headed ogre
  6667 | D:9      | Killed a two-headed ogre
  6885 | D:9      | Found a staircase to the Orcish Mines.
  7154 | D:9      | Reached skill level 13 in Axes
  7220 | D:9      | Found Xoudif's Antique Armour Shoppe.
  7241 | D:9      | Reached ****** piety under Okawaru
  7541 | D:10     | Entered Level 10 of the Dungeon
  7876 | D:10     | Noticed a vault guard
  7883 | D:10     | Killed a vault guard
  7887 | D:10     | Found a portal to a secret trove of treasure.
  8220 | D:11     | Reached XP level 12. HP: 92/92 MP: 16/18
  8319 | D:11     | Noticed Nergalle
  8333 | Arena    | Entered the Arena
  8347 | Arena    | Killed Nergalle
  8347 | Arena    | Received a gift from Okawaru
  8541 | D:11     | Noticed a skeletal warrior
  8551 | D:11     | Killed a skeletal warrior
  8568 | D:11     | Noticed a two-headed ogre
  8587 | D:11     | Killed a two-headed ogre
  8598 | D:11     | Reached skill level 14 in Axes
  8654 | D:11     | Noticed a boulder beetle
  8656 | D:11     | Noticed a centaur warrior
  8670 | D:11     | Killed a centaur warrior
  8747 | D:11     | Killed a boulder beetle
  8755 | D:11     | Identified the +6 glaive "Pyemoegh" {vamp, SInv}
  8905 | D:11     | Found a broken altar of Ashenzari.
  8930 | D:11     | Noticed a two-headed ogre
  8938 | D:11     | Killed a two-headed ogre
  8938 | D:11     | Received a gift from Okawaru
  9388 | D:12     | Reached skill level 5 in Throwing
  9388 | D:12     | Reached XP level 13. HP: 99/99 MP: 19/19
  9419 | D:12     | Acquired the amulet "Toatzinuph" {Reflect rPois Will+ SH+5}
  9499 | D:12     | Reached skill level 15 in Axes
 10099 | D:13     | Received a gift from Okawaru
 10275 | D:13     | Reached skill level 16 in Axes
 10362 | D:13     | Reached skill level 10 in Invocations
 10740 | D:13     | Noticed a four-headed hydra
 10750 | D:13     | Killed a one-headed hydra
 10810 | D:13     | Noticed an eight-headed hydra
 10822 | D:13     | Killed a one-headed hydra
 11087 | D:13     | Noticed a boulder beetle
 11108 | D:13     | Killed a boulder beetle
 11201 | D:14     | Noticed Jorgrun
 11216 | D:14     | Killed Jorgrun
 11217 | D:14     | Reached skill level 10 in Armour
 11256 | D:14     | Received a gift from Okawaru
 11257 | D:14     | Reached XP level 14. HP: 71/108 MP: 21/21
 11263 | D:14     | Reached skill level 5 in Shields
 11309 | D:14     | Noticed a white very ugly thing
 11309 | D:14     | Found a frozen archway.
 11351 | D:14     | Killed a red very ugly thing
 11393 | IceCv    | Entered an ice cave
 11705 | IceCv    | Noticed a quicksilver ooze
 11711 | IceCv    | Killed a quicksilver ooze
 11748 | IceCv    | Noticed a quicksilver ooze
 11758 | IceCv    | Killed a quicksilver ooze
 11770 | IceCv    | Noticed a quicksilver ooze
 11781 | IceCv    | Killed a quicksilver ooze
 11782 | IceCv    | Reached skill level 10 in Fighting
 11782 | IceCv    | Reached skill level 17 in Axes
 12038 | IceCv    | Noticed a quicksilver ooze
 12052 | IceCv    | Killed a quicksilver ooze
 12058 | IceCv    | Slain by a very ugly thing simulacrum

Illustrated notes

Levels and vault maps discovered:
D:1:      shiori_arrival_elements, layout_basic,
          dreamdust_ecumenical_altar_grove, kennysheep_boxes
D:2:      layout_basic, basic_altar
D:3:      layout_loops_ring, mainiacjoe_overflow_tiny_flanked,
          kennysheep_generic_room_7
D:4:      layout_rooms, minmay_misc_feat_roman, minmay_joined_circles
D:5:      layout_cave_pools, uniq_blork_the_orc, uniq_eustachio
D:6:      layout_rooms, minmay_temple_entry_trees
D:7:      layout_cave_pools, gammafunk_ghost_berserking_beasts, uniq_pikel
D:8:      layout_cave_pools, dpeg_lair_monsters, enter_bailey_2,
          serial_gnoll_camp, gnoll_camp_mini_shop, gnoll_camp_mini_hut,
          gnoll_camp_mini_doghouse, gnoll_camp_mini_hut,
          kennysheep_generic_room_3
D:9:      layout_layer_cave, hiddenorc2_lemuel, serial_shops, shop
D:10:     layout_loops_ring, enter_trove_5
D:11:     minmay_the_grid_triangle_9x9_rhombus_thin_mashed
          [minmay_the_grid_triangle_9x9_dagger,
          minmay_the_grid_triangle_9x9_prize_top_heavy,
          minmay_the_grid_triangle_9x9_intruding_spiral,
          minmay_the_grid_triangle_9x9_wacky_v], layout_long_grid,
          ashenzari_altar_1, uniq_nergalle
D:12:     layout_loops_cross, drop_trap
D:13:     layout_gridville, minmay_unpleasant_kobolds
D:14:     layout_roguey, david_vaults_4, portal_ice_cave_entry_ugly_swarm,
          uniq_kirke, uniq_jorgrun, uniq_agnes
Temple:   mainiacjoe_temple_hex_bubbles
IceCv:    ice_cave_hellmonk_azure_passage

Skill      XL: |  1  2  3  4  5  6  7  8  9 10 11 12 13 14 |
---------------+-------------------------------------------+-----
Invocations    | 1 2 3 4 5 7 8 9 10 | 10.7
Axes           | 3 4 5 6 8 10 11 13 14 16 17 | 17.1
Shields        | 4 5 |  5.9
Armour         | 4 5 6 7 8 9 10 | 10.7
Fighting       | 4 5 7 8 9 10 | 10.1
Throwing       | 1 3 5 6 |  6.5

Action                   |  1- 3 |  4- 6 |  7- 9 | 10-12 | 13-15 || total
-------------------------+-------+-------+-------+-------+-------++-------
Melee: War axe           |    94 |   132 |   261 |   527 |    14 ||  1028
       Glaive            |       |       |       |    55 |       ||    55
       Halberd           |       |       |       |    13 |       ||    13
       Great mace        |       |       |       |    13 |       ||    13
       Broad axe         |       |       |       |    17 |   323 ||   340
Invok: Heroism           |       |       |     3 |    13 |     9 ||    25
       Finesse           |       |       |       |     3 |     2 ||     5
       Duel              |       |       |       |     1 |       ||     1
 Abil: Dig               |       |       |       |       |     3 ||     3
  Use: Scroll            |     4 |     2 |     6 |    11 |     1 ||    24
       Potion            |       |       |       |       |     2 ||     2
Armor: Scale mail        |    29 |       |       |       |       ||    29
       Plate armour      |    33 |    90 |   212 |   454 |   142 ||   931
Dodge: Dodged            |    41 |    44 |   116 |   239 |    85 ||   525
Block: Buckler           |    29 |    32 |    69 |   152 |   115 ||   397
       Reflection        |       |       |       |       |     3 ||     3

Table legend: (Time is in decaauts)
 A = Elapsed time spent in this place.
 B = Non-inter-level travel time spent in this place.
 C = Inter-level travel time spent in this place.
 D = Time resting spent in this place.
 E = Time spent auto-exploring this place.
 F = Levels seen in this place.
 G = Mean time per level.
                   A        B        C        D        E       F      G
               +--------+--------+--------+--------+--------+-----+--------+
         Total |  11954 |  11543 |    411 |    784 |   7402 |  18 |  664.1 |
       Dungeon |   9964 |   9561 |    403 |    264 |   6675 |  14 |  711.7 |
        Temple |    241 |    233 |      8 |      0 |    232 |   1 |  241.0 |
        Bailey |   1079 |   1079 |      0 |    247 |    369 |   1 | 1079.0 |
      Ice Cave |    628 |    628 |      0 |    246 |    126 |   1 |  628.0 |
         Arena |     40 |     40 |      0 |     27 |      0 |   1 |   40.0 |
               +--------+--------+--------+--------+--------+-----+--------+

Top non-repeatable levels by time:
    D:13: 1160 daAuts
  Bailey: 1079 daAuts
    D:11: 963 daAuts
     D:2: 885 daAuts
     D:9: 879 daAuts
     D:1: 755 daAuts
     D:3: 747 daAuts
    D:12: 697 daAuts
     D:5: 655 daAuts
     D:8: 649 daAuts
    D:10: 631 daAuts
     D:4: 630 daAuts
   IceCv: 628 daAuts
     D:6: 593 daAuts
     D:7: 497 daAuts
